 Dungeon Crawl Stone Soup version 0.16-a0-3029-g57b17b4 (webtiles) character file.

2566 Engwar the Grappler (level 9, -7/70 HPs)
             Began as a Pale Draconian Transmuter on Dec 8, 2014.
             Was a Believer of Cheibriados.
             Mangled by a large abomination (20 damage)
             ... on level 1 of the Abyss.
             The game lasted 00:38:35 (7695 turns).

Engwar the Grappler (Pale Draconian Transmuter)     Turns: 7695, Time: 00:38:36

Health: -7/70      AC:  9    Str: 21    XL:     9   Next: 31%
Magic:  13/14      EV: 12    Int: 22    God:    Cheibriados [**....]
Gold:   459        SH:  4    Dex: 16    Spells: 3 memorised, 4 levels left

rFire  . . .     SeeInvis .       - Unarmed
rCold  . . .     Clarity  .     (armour unavailable)
rNeg   . . .     SustAb   .     f - +0 buckler
rPois  .         Gourm    .     (helmet restricted)
rElec  .         Spirit   .     (no cloak)
rCorr  .         Warding  .     o - +1 pair of gloves
rMut   .         Stasis   .     (boots unavailable)
MR     .....                    (no amulet)
Stlth  ++........               d - -2 ring of dexterity (curse)
                                e - +2 ring of strength

@: appendage, very slow, not resistant to hostile enchantments, unstealthy
A: breathe steam, unfitting armour, talons 3, cold-blooded, AC +7
a: Breathe Steam, End Transformation, Bend Time, Renounce Religion


You were on level 1 of the Abyss.
You worshipped Cheibriados.
Cheibriados was pleased with you.
You were not hungry.
You had grown temporary talons.
You visited 2 branches of the dungeon, and saw 9 of its levels.
You visited the Abyss 1 time.

You collected 459 gold pieces.


Innate Abilities, Weirdness & Mutations

You can breathe blasts of scalding steam.
Your pale cyan-grey scales are hard (AC +7).
Your body does not fit into most forms of armour.
Your cold-blooded metabolism reacts poorly to cold.
You have claws for feet.


   Skills:
 + Level 3.5 Fighting
 - Level 1.0 Throwing
 - Level 1.7 Dodging
 - Level 1.7 Stealth
 - Level 2.0 Shields
 + Level 10.4 Unarmed Combat
 - Level 2.0 Spellcasting
 - Level 6.5 Transmutations


You had 4 spell levels left.
You knew the following spells:

 Your Spells              Type           Power        Failure   Level  Hunger
x - Blade Hands           Trmt           ####......   28%         5    ######.
y - Sticks to Snakes      Trmt           ####......   1%          2    ##.....
z - Beastly Appendage     Trmt           ####..       1%          1    #......

Inventory:

Hand weapons
 b - a +0 blowgun
Missiles
 k - 3 javelins
 s - 35 stones (quivered)
 t - 21 poisoned needles
 u - 23 arrows
Armour
 f - a +0 buckler (worn)
 o - a +1 pair of gloves (worn)
 C - a +0 shield
Jewellery
 d - a cursed -2 ring of dexterity (right hand)
 e - a +2 ring of strength (left hand)
Magical devices
 r - a wand of confusion (28)
 y - a wand of fireball (3)
 A - a wand of magic darts (11)
 B - a wand of slowing (26)
Scrolls
 h - 3 scrolls of remove curse
 i - a scroll of amnesia
 x - 2 scrolls of magic mapping
 z - a scroll of recharging
 D - 3 scrolls of teleportation
Potions
 g - 5 potions of curing
 j - a potion of mutation {unknown}
 l - a potion of berserk rage {unknown}
 m - 2 potions of heal wounds {unknown}
 n - a potion of poison {unknown}
 p - 2 potions of cancellation {unknown}
 q - 4 potions of restore abilities
 v - a potion of agility
 w - a potion of might
 E - a potion of haste {unknown}
Comestibles
 a - 6 bread rations
 c - 5 meat rations

..##...#.# #.. ##
.....#..###. ...#
##.....#....... #
....##.#...#.##.#
.# ......##.#.#
#..#....#...#.#
.#..###.#...#
..#..xX..###
##..d####
#..........#
#.##.....##.# .
.........
...#.......
.##.......... .
#.##.##. # ## ..


You could see a large abomination and a small abomination.


Message History

Found a cloak and a lamp of fire.
You are suddenly pulled into a different region of the Abyss!
Found a gateway leading deeper into the Abyss.
Found a potion of restore abilities.
A large abomination comes into view.
Use which ability? (? or * to list)
Okay, then.
The large abomination completely misses you.
The large abomination closely misses you.
The large abomination hits you. The large abomination hits you!
A small abomination comes into view.
You punch the large abomination!
The large abomination is moderately damaged.
You block the large abomination's attack.
Your feet morph into talons.
You punch the large abomination!
You tail-slap the large abomination, but do no damage.
The large abomination is heavily damaged.
The large abomination hits you!
You punch the large abomination!
You claw the large abomination, but do no damage.
The large abomination is severely damaged.
The large abomination hits you!!
* * * LOW HITPOINT WARNING * * *
You hit the large abomination.
You claw the large abomination, but do no damage.
The large abomination is severely damaged.
The large abomination hits you!!
You die...

Action                   |  1- 3 |  4- 6 |  7- 9 || total
-------------------------+-------+-------+-------++-------
Melee: Unarmed           |   125 |   293 |   268 ||   686
 Fire: Hunting sling     |       |     3 |       ||     3
       Blowgun           |       |       |    11 ||    11
Throw: Stone             |       |     8 |     4 ||    12
 Cast: Beastly Appendage |    19 |    39 |    24 ||    82
       Sticks to Snakes  |     1 |     9 |     3 ||    13
       Blade Hands       |       |       |     3 ||     3
 Abil: Breathe Steam     |       |       |     8 ||     8
  Use: Scroll            |       |    15 |     1 ||    16
       Potion            |       |     1 |     7 ||     8
 Stab: Distracted        |       |     2 |       ||     2
       Sleeping          |       |     1 |     3 ||     4
  Eat: Chunk             |     2 |     4 |    12 ||    18
       Bread ration      |       |     1 |       ||     1
       Beef jerky        |       |     2 |     1 ||     3

Vault maps used:
D:1:      minmay_arrival_loop
D:2:      minmay_misc_feat_tiny
D:4:      uniq_eustachio, uniq_menkaure, uniq_crazy_yiuf_cottage
D:5:      first_bread
D:6:      tso_altar, kennysheep_generic_room_10, uniq_duvessa
D:8:      uniq_erolcha
Temple:   grunt_circular_temple_18

Notes
Turn   | Place    | Note
--------------------------------------------------------------
     0 | D:1      | Engwar, the Draconian Transmuter, began the quest for the Orb.
     0 | D:1      | Reached XP level 1. HP: 16/16 MP: 3/3
   297 | D:1      | Reached XP level 2. HP: 23/23 MP: 2/4
   613 | D:2      | Reached skill level 4 in Unarmed Combat
   690 | D:2      | Reached XP level 3. HP: 10/28 MP: 4/6
   922 | D:2      | Learned a level 2 spell: Sticks to Snakes
  1196 | D:2      | Reached XP level 4. HP: 26/35 MP: 5/7
  1247 | D:2      | Reached skill level 5 in Unarmed Combat
  2356 | D:3      | Noticed Engwar's ghost (weakling DgTm)
  2371 | D:3      | Killed Engwar's ghost
  2371 | D:3      | Reached XP level 5. HP: 21/40 MP: 9/9
  2436 | D:3      | Reached skill level 6 in Unarmed Combat
  2452 | D:3      | Learned a level 5 spell: Blade Hands
  2772 | D:4      | Noticed Eustachio
  3111 | D:4      | Reached skill level 3 in Transmutations
  3111 | D:4      | Reached XP level 6. HP: 36/47 MP: 8/10
  3143 | D:4      | Noticed Menkaure
  3865 | D:5      | Entered Level 5 of the Dungeon
  4043 | D:5      | Reached skill level 7 in Unarmed Combat
  4043 | D:5      | Reached skill level 4 in Transmutations
  4344 | D:5      | Your scales start fading to a pale cyan-grey colour.
  4344 | D:5      | Reached XP level 7. HP: 52/52 MP: 10/12
  4737 | D:5      | Found a staircase to the Ecumenical Temple.
  4778 | D:5      | Noticed Grim's ghost (experienced MiBe)
  4785 | Temple   | Entered the Ecumenical Temple
  4815 | Temple   | Became a worshipper of Cheibriados the Contemplative
  4841 | D:5      | Killed Grim's ghost
  4841 | D:5      | Reached skill level 8 in Unarmed Combat
  4841 | D:5      | Reached skill level 5 in Transmutations
  4841 | D:5      | Reached XP level 8. HP: 59/59 MP: 13/13
  5307 | D:6      | Reached skill level 6 in Transmutations
  5332 | D:6      | Noticed Duvessa
  5338 | D:6      | Noticed Dowan
  5347 | D:6      | Killed Duvessa
  5364 | D:6      | Killed Dowan
  5538 | D:6      | Reached skill level 1 in Stealth
  5946 | D:6      | Found a glowing golden altar of the Shining One.
  5954 | D:6      | Reached skill level 9 in Unarmed Combat
  5960 | D:6      | HP: 2/59 [orc warrior/trident (13)]
  6455 | D:7      | Reached skill level 1 in Shields
  6536 | D:7      | Reached skill level 2 in Shields
  6840 | D:7      | Reached skill level 10 in Unarmed Combat
  6840 | D:7      | Reached XP level 9. HP: 64/64 MP: 12/14
  7031 | D:7      | Reached skill level 2 in Fighting
  7378 | D:8      | Reached skill level 3 in Fighting
  7389 | D:8      | Reached skill level 1 in Throwing
  7661 | D:8      | Noticed Erolcha
  7663 | D:8      | Cast into the Abyss (Erolcha)
  7695 | Abyss:1  | Mangled by a large abomination

Vanquished Creatures
  The ghost of Grim the Cleaver, an experienced MiBe of Trog (D:5)
  A hungry ghost (D:7)
  2 orc warriors
  A black bear (D:7)
  An ogre (D:7)
  A crocodile (D:7)
  Duvessa (D:6)
  2 giant frogs
  A scorpion (D:5)
  The ghost of Engwar the Insei, a weakling DgTm (D:3)
  Dowan (D:6)
  3 hounds
  A crimson imp (D:5)
  3 goliath beetles
  An orc priest (D:6)
  A jelly (D:7)
  2 giant frog skeletons (D:6)
  3 iguanas
  6 orc wizards
  8 worker ants
  A killer bee zombie (D:5)
  A hound skeleton (D:7)
  2 gnolls
  A worker ant zombie (D:7)
  10 adders
  A shadow imp (D:7)
  2 giant mites
  3 worms (D:2)
  An adder skeleton (D:6)
  An adder zombie (D:7)
  7 giant geckos
  18 orcs
  A ball python (D:2)
  11 bats
  A bat skeleton (D:5)
  3 giant cockroaches
  9 hobgoblins
  6 jackals (D:2)
  3 quokkas
  5 giant newts
  9 goblins
  14 kobolds
  11 rats
  10 ballistomycetes (D:6)
172 creatures vanquished.

Vanquished Creatures (collateral kills)
  An ogre (D:6)
  2 gnolls (D:4)
  2 worms (D:2)
  A quokka (D:5)
6 creatures vanquished.

Vanquished Creatures (others)
  A giant spore (D:6)
1 creature vanquished.

Grand Total: 179 creatures vanquished
